 Dungeon Crawl Stone Soup version 0.26-a0-854-gdc81c2f471 (webtiles) character file.

Game seed: 12007449306817493261

7870 iamoutofideas the Grappler (level 11, 0/107 HPs)
             Began as a Troll Hunter on Nov 23, 2020.
             Was a Priest of Okawaru.
             Slain by a yak (11 damage)
             ... on level 10 of the Dungeon.
             The game lasted 00:10:59 (9453 turns).

iamoutofideas the Grappler (Troll Hunter)           Turns: 9453, Time: 00:11:00

Health: 0/107      AC:  7    Str: 25    XL:     11   Next: 2%
Magic:  8/10       EV: 15    Int:  7    God:    Okawaru [***...]
Gold:   745        SH:  0    Dex: 10    Spells: 10/10 levels left

rFire    . . .     SeeInvis .     - Unarmed
rCold    . . .     Faith    .   (no shield)
rNeg     . . .     Spirit   .   b - +0 robe
rPois    .         Reflect  .   (helmet restricted)
rElec    .         Harm     .   k - +0 cloak
rCorr    .         Rampage  .   (gloves unavailable)
MR       +....                  (boots unavailable)
Stlth    +++.......             (no amulet)
HPRegen  0.67/turn              i - ring of protection from magic
MPRegen  0.12/turn              I - +4 ring of slaying

@: heroism
A: large, unfitting armour, claws 3, regeneration 1, shaggy fur 1, tough skin 3
a: Heroism, Renounce Religion


You were on level 10 of the Dungeon.
You worshipped Okawaru.
Okawaru was most pleased with you.
You visited 2 branches of the dungeon, and saw 12 of its levels.
You also visited: Ossuary.

You collected 820 gold pieces.
You spent 75 gold pieces at shops.

Inventory:

Missiles
 c - 5 large rocks (quivered)
 d - 2 throwing nets
 t - 8 silver javelins
 B - 5 curare-tipped darts
Armour
 b - a +0 robe (worn)
 k - a +0 cloak (worn)
 x - a +0 kite shield
Jewellery
 i - a ring of protection from magic (left claw)
 y - an uncursed ring of positive energy
 D - an uncursed ring of positive energy
 G - an uncursed amulet of magic regeneration
 I - a +4 ring of slaying (right claw)
 O - an uncursed amulet of faith {unknown}
Wands
 e - a wand of flame (42)
 s - a wand of acid (14)
 v - a wand of disintegration (15)
 F - a wand of polymorph (23)
 N - a wand of iceblast (11)
 Q - a wand of paralysis (7)
 R - a wand of random effects (5)
Scrolls
 g - 9 scrolls of teleportation
 l - 2 scrolls of enchant weapon {unknown}
 m - 2 scrolls of identify
 n - 6 scrolls of magic mapping
 p - a scroll of blinking {unknown}
 q - 13 scrolls of remove curse
 u - a scroll of random uselessness {unknown}
 w - 3 scrolls of enchant armour {unknown}
 A - 2 scrolls of amnesia
 C - a scroll of fog {unknown}
 H - a scroll of vulnerability {unknown}
 K - a scroll of summoning {unknown}
Potions
 a - 2 potions of attraction
 f - 2 potions of flight
 h - 3 potions of lignification
 j - a potion of berserk rage
 o - 2 potions of brilliance {unknown}
 r - 3 potions of curing
 z - a potion of invisibility
 E - 2 potions of mutation
 J - 2 potions of haste {unknown}
 M - a potion of might {unknown}
 P - a potion of magic {unknown}


   Skills:
 + Level 6.9(11.9) Fighting
 - Level 7.0(12.0) Throwing
 + Level 7.7(12.7) Dodging
 - Level 0.3(5.3) Stealth
 + Level 10.2(15.2) Unarmed Combat


You had 10 spell levels left.
You didn't know any spells.
Your spell library contained the following spells:

 Spells                   Type           Power        Failure   Level
 Animate Skeleton         Necr           #.....       43%         1
 Apportation              Tloc           #.....       43%         1
 Corona                   Hex            #......      43%         1
 Summon Small Mammal      Summ           #...         43%         1


Dungeon Overview and Level Annotations

Branches:
Dungeon (11/15)            Temple (1/1) D:7            Lair (0/6) D:10
    Orc (0/2) D:10        Ossuary (visited)

Altars:
Ashenzari
Cheibriados
Dithmenos
Elyvilon
Fedhas
Gozag
Hepliaklqana
Kikubaaqudgha
Makhleb
Nemelex Xobeh
Okawaru
Ru
Sif Muna
Trog
Uskayaw
Vehumet
Wu Jian
Xom
Yredelemnul
Zin
The Shining One

Shops:
D:7 =   D:9 !


Innate Abilities, Weirdness & Mutations

You are too large for most types of armour.
You have claws for hands.
Your natural rate of healing is unusually fast.
You are covered in fur. (AC +1)
You have extremely tough skin. (AC +3)


Message History

The yak is lightly wounded.
The yak gores you! x2
* * * LOW HITPOINT WARNING * * *
You are too injured to fight recklessly!
You claw the yak!
The yak is heavily wounded.
The yak gores you.
* * * LOW HITPOINT WARNING * * *
The yak barely misses you.
You feel much better. The yak gores you. The yak gores you! The yak gores you!
* * * LOW HITPOINT WARNING * * *
The yak gores you.
* * * LOW HITPOINT WARNING * * *
The yak gores you but does no damage.
You gain the combat prowess of a mighty hero.
The yak gores you!
* * * LOW HITPOINT WARNING * * *
The yak gores you!
You die...

.........#....#
P........P.##.#
....P...P..##.#
.P>......(###.#
.......[......###########
......).................#
......♣P.....†########.##
P.........##.†>Y.## #.#
...)..♣..#....#Y@.# #.#
.......#.#.##.#...####.#
......##.#.............#
.##.#.##.#..#....#######
.##...##.#.......#
###.####.##......# #.#
#.........# #.#
#####.....#
###.########.....#


You could see 2 yaks.

Vanquished Creatures
  A two-headed ogre (D:10)
  A troll (D:10)
  Sigmund (D:3)
  A wyvern (D:10)
  A wraith (D:9)
  8 yaks (D:10)
  3 basilisks (D:10)
  Menkaure (D:4)
  2 water moccasins (D:10)
  2 orc warriors
  A sky beast (D:5)
  2 ice beasts
  2 black bears (D:10)
  4 ogres
  5 centaurs
  A necrophage (D:10)
  3 wolves (D:10)
  A wyvern zombie (D:10)
  6 scorpions
  12 killer bees
  4 howler monkeys
  2 centaur zombies
  3 bullfrog zombies
  2 jellies
  3 orc priests
  6 hounds
  10 orc wizards
  Crazy Yiuf (D:2)
  2 centaur skeletons
  Natasha (thrice) (D:2)
  5 iguanas
  3 worker ants
  Ijyb (D:4)
  7 big kobold zombies (Ossuary)
  A mummy (Ossuary)
  A howler monkey zombie (D:6)
  8 gnolls
  13 adders
  2 white imps
  2 ufetubi
  An adder skeleton (D:4)
  3 worms
  6 dart slugs
  3 leopard geckos
  28 orcs
  2 spectral bats (Ossuary)
  2 ball pythons
  5 giant cockroaches
  5 gnoll zombies (Ossuary)
  13 goblins
  6 hobgoblins
  18 jackals
  5 quokkas
  6 bats
  A bat simulacrum (Ossuary)
  4 frilled lizards
  2 goblin simulacra (Ossuary)
  8 goblin zombies (Ossuary)
  2 hobgoblin zombies (Ossuary)
  A jackal zombie (D:7)
  9 kobolds
  4 kobold simulacra (Ossuary)
  4 kobold zombies (Ossuary)
  4 orc zombies (Ossuary)
  A quokka skeleton (D:7)
  5 rats
  3 rat simulacra (Ossuary)
  6 spectral kobolds (Ossuary)
  4 spectral rats (Ossuary)
298 creatures vanquished.

Vanquished Creatures (others)
  15 fungi
  11 plants (D:10)
  4 toadstools (D:2)
30 creatures vanquished.

Grand Total: 328 creatures vanquished

Notes
Turn   | Place    | Note
-------+----------+-------------------------------------------
     0 | D:1      | iamoutofideas the Troll Hunter began the quest for the Orb.
     0 | D:1      | Reached XP level 1. HP: 19/19 MP: 0/0
    74 | D:1      | Reached skill level 1 in Unarmed Combat
   155 | D:1      | Reached XP level 2. HP: 22/27 MP: 1/1
   185 | D:1      | Reached skill level 2 in Unarmed Combat
   322 | D:1      | Reached XP level 3. HP: 31/33 MP: 2/2
   561 | D:1      | Reached skill level 3 in Unarmed Combat
   973 | D:2      | Reached XP level 4. HP: 34/41 MP: 3/3
  1082 | D:2      | Reached skill level 4 in Unarmed Combat
  1104 | D:2      | Noticed Natasha
  1114 | D:2      | Killed Natasha
  1159 | D:2      | Found an ornate altar of the Wu Jian Council.
  1360 | D:2      | Found a runed translucent door.
  1361 | D:2      | Noticed Crazy Yiuf
  1519 | D:2      | Noticed Natasha
  1525 | D:2      | Killed Natasha
  1526 | D:2      | Reached XP level 5. HP: 35/48 MP: 4/4
  1634 | D:2      | Noticed Natasha
  1642 | D:2      | Killed Natasha
  1643 | D:2      | Reached skill level 5 in Unarmed Combat
  1738 | D:2      | Killed Crazy Yiuf
  1955 | D:3      | Noticed Sigmund
  1973 | D:3      | Killed Sigmund
  1974 | D:3      | Reached skill level 6 in Unarmed Combat
  1974 | D:3      | Reached XP level 6. HP: 24/55 MP: 5/5
  2101 | D:3      | Reached skill level 7 in Unarmed Combat
  2457 | D:4      | Noticed Menkaure
  2463 | D:4      | Killed Menkaure
  2464 | D:4      | Reached XP level 7. HP: 25/62 MP: 6/6
  2547 | D:4      | Reached skill level 8 in Unarmed Combat
  2928 | D:4      | Noticed Ijyb
  2941 | D:4      | Killed Ijyb
  3392 | D:5      | Entered Level 5 of the Dungeon
  3609 | D:5      | Reached skill level 9 in Unarmed Combat
  3708 | D:5      | Reached XP level 8. HP: 56/70 MP: 7/7
  4120 | D:5      | Reached skill level 10 in Unarmed Combat
  4246 | D:5      | Found a glowing golden altar of the Shining One.
  5179 | D:6      | Found a burning altar of Makhleb.
  5179 | D:6      | Found a hazy altar of Hepliaklqana.
  5339 | D:7      | Reached XP level 9. HP: 75/80 MP: 8/8
  5346 | D:7      | Found a sand-covered staircase.
  5357 | Ossuary  | Entered an ossuary
  5710 | Ossuary  | Reached skill level 5 in Dodging
  6267 | D:7      | Found a basalt altar of Yredelemnul.
  6276 | D:7      | Found a staircase to the Ecumenical Temple.
  6283 | D:7      | Found Buczemed's Jewellery Boutique.
  6366 | Temple   | Entered the Ecumenical Temple
  6432 | Temple   | Became a worshipper of Warmaster Okawaru
  7052 | D:8      | Reached * piety under Okawaru
  7312 | D:9      | Found Zegiekum's Distillery.
  7324 | D:9      | Bought a potion of heal wounds for 75 gold pieces
  7803 | D:10     | Entered Level 10 of the Dungeon
  7809 | D:9      | Reached skill level 5 in Throwing
  7985 | D:10     | Reached skill level 5 in Fighting
  7985 | D:10     | Reached XP level 10. HP: 76/96 MP: 9/9
  8181 | D:10     | Reached ** piety under Okawaru
  8203 | D:10     | Found a staircase to the Lair.
  8455 | D:10     | Noticed a two-headed ogre
  8463 | D:10     | Killed a two-headed ogre
  8501 | D:10     | Reached *** piety under Okawaru
  8799 | D:10     | Found a staircase to the Orcish Mines.
  9436 | D:10     | Reached XP level 11. HP: 100/107 MP: 10/10
  9453 | D:10     | Slain by a yak

Illustrated notes

Levels and vault maps discovered:
D:1:      dpeg_arrival_solitude, layout_rooms, serial_forest,
          infiniplex_forest_end_2, infiniplex_forest_straight_2,
          infiniplex_forest_clump_large, infiniplex_forest_end_2,
          infiniplex_forest_clump_large, infiniplex_forest_clump_diagonal,
          infiniplex_forest_corner_2, infiniplex_forest_side_room,
          infiniplex_forest_lined_1, infiniplex_forest_lined_room_
D:2:      layout_basic, overflow_temple_1_default, minmay_misc_feat_five,
          minmay_gold_behind_fungi, uniq_crazy_yiuf_cottage, uniq_natasha
D:3:      layout_basic, uniq_sigmund
D:4:      kennysheep_goblin_castle, layout_rooms, uniq_menkaure
D:5:      layout_layer_cave, tso_altar
D:6:      layout_basic, gammafunk_temple_overflow_wave
D:7:      layout_cave_pools, kennysheep_mini, minmay_temple_entry_waves,
          serial_shops, nicolae_shop_statue_plus, nicolae_ossuary_entry_monument
D:8:      layout_basic
D:9:      layout_basic, serial_shops, shop
D:10:     layout_basic, minmay_lair_entry_grove, orc_0_dummy,
          hangedman_abyss_or_decor_stagger
D:11:     gammafunk_sealed_arena, layout_layer_cave, special_room
          [special_room_orc], serial_shops, nicolae_shop_stone,
          kennysheep_just_a_vault
Temple:   hc_temple_tempest_star

Skill      XL: |  1  2  3  4  5  6  7  8  9 10 |
---------------+-------------------------------+-----
Unarmed Combat | 1 2 3 4 6 7 9 10 | 10.2
Dodging        | 4 6 7 |  7.7
Fighting       | 2 5 6 |  6.9
Throwing       | 5 7 |  7.0
Stealth        | |  0.3

Action                   |  1- 3 |  4- 6 |  7- 9 | 10-12 || total
-------------------------+-------+-------+-------+-------++-------
Melee: Unarmed           |    97 |   122 |   507 |   155 ||   881
       Punch             |       |     2 |    25 |     5 ||    32
Throw: Large rock        |       |       |     4 |       ||     4
Invok: Heroism           |       |       |       |     2 ||     2
  Use: Scroll            |       |     6 |    11 |       ||    17
       Potion            |       |       |     5 |     1 ||     6
 Stab: Sleeping          |       |     1 |     2 |       ||     3
Armor: Robe              |    55 |    29 |   199 |    32 ||   315
Dodge: Dodged            |    60 |    37 |   297 |   101 ||   495

Table legend: (Time is in decaauts)
 A = Elapsed time spent in this place.
 B = Non-inter-level travel time spent in this place.
 C = Inter-level travel time spent in this place.
 D = Time resting spent in this place.
 E = Time spent auto-exploring this place.
 F = Levels seen in this place.
 G = Mean time per level.
                   A        B        C        D        E       F      G
               +--------+--------+--------+--------+--------+-----+--------+
         Total |   9354 |   8915 |    439 |   1093 |   6165 |  13 |  719.5 |
       Dungeon |   8824 |   8402 |    422 |   1093 |   5809 |  11 |  802.2 |
        Temple |     97 |     80 |     17 |      0 |     79 |   1 |   97.0 |
       Ossuary |    432 |    432 |      0 |      0 |    277 |   1 |  432.0 |
               +--------+--------+--------+--------+--------+-----+--------+

Top non-repeatable levels by time:
    D:10: 1306 daAuts
     D:5: 991 daAuts
     D:4: 939 daAuts
     D:2: 920 daAuts
     D:9: 919 daAuts
     D:1: 881 daAuts
     D:6: 814 daAuts
     D:8: 730 daAuts
     D:7: 696 daAuts
     D:3: 620 daAuts
 Ossuary: 432 daAuts
  Temple: 97 daAuts
    D:11: 4 daAuts
